 Dungeon Crawl Stone Soup version 0.22.1-6-g1668fe2 (console) character file.

298831 erker the Severer (level 20, -7/194 HPs)
             Began as a Deep Dwarf Fighter on Jan 23, 2019.
             Was the Champion of Makhleb.
             Mangled by a juggernaut (45 damage)
             ... on level 4 of the Depths on Jan 29, 2019.
             The game lasted 03:22:02 (31203 turns).

erker the Severer (Deep Dwarf Fighter)             Turns: 31203, Time: 03:22:02

Health: -7/194     AC: 21    Str: 28    XL:     20   Next: 13%
Magic:  25/27      EV: 15    Int: 12    God:    Makhleb [******]
Gold:   3024       SH: 10    Dex: 14    Spells: 19/19 levels left

rFire    + . .     SeeInvis .   a - +7 broad axe
rCold    + + .     Gourm    .   d - +3 buckler "Xoupus" {rC++}
rNeg     + . .     Faith    .   F - +3 plate armour {rPois}
rPois    +         Spirit   .   K - +2 hat {MR+}
rElec    .         Reflect  .   J - scarf {repulsion}
rCorr    .         Harm     .   r - +2 pair of gloves {archery}
MR       ++++.     Clarity  +   p - +2 pair of boots
Stlth    ..........             (no amulet)
HPRegen  0.00/turn              s - +6 ring of slaying
MPRegen  0.20/turn              D - ring of protection from fire

@: corroded, very slightly contaminated, non-regenerating, drained, repel
missiles
A: damage resistance, heal wounds, agile 1, clarity, clever 1, negative energy
resistance 1, sense surroundings 3, no regeneration
}: 2/15 runes: barnacled, gossamer
a: Heal Wounds, Minor Destruction, Lesser Servant of Makhleb, Major Destruction,
Greater Servant of Makhleb, Renounce Religion


You were on level 4 of the Depths.
You worshipped Makhleb.
Makhleb was exalted by your worship.
You were not hungry.

You visited 7 branches of the dungeon, and saw 36 of its levels.

You collected 3723 gold pieces.
You spent 699 gold pieces at shops.

Inventory:

Hand Weapons
 a - a +7 broad axe (weapon)
 n - a +3 scimitar of flaming
 u - a +5 demon whip of flaming
 A - a +0 executioner's axe
Missiles
 e - 32 javelins of penetration (quivered)
 C - 303 bolts
 T - 26 steel javelins
Armour
 d - the +3 buckler "Xoupus" (worn) {rC++}
   (You found it on level 10 of the Dungeon)

   It greatly protects you from cold.
 h - a +1 cloak of poison resistance
 p - a +2 pair of boots (worn)
 r - a +2 pair of gloves of archery (worn)
 x - the +1 chain mail "Byones" {rElec MR++}
   (You found it on level 3 of the Depths)

   It insulates you from electricity.
   It affects your resistance to hostile enchantments.
 y - +0 pearl dragon scales
 B - a +2 plate armour of magic resistance
 F - a +3 plate armour of poison resistance (worn)
 J - a scarf of repulsion (worn)
 K - a +2 hat of magic resistance (worn)
 Y - a +2 cloak of magic resistance
Jewellery
 b - an uncursed ring of magical power {unknown}
 s - a +6 ring of slaying (left hand)
 z - an uncursed ring of resist corrosion
 D - a ring of protection from fire (right hand)
 L - an uncursed ring of protection from cold
 R - an uncursed ring of see invisible
Wands
 m - a wand of digging (26)
 w - a wand of flame (142)
 G - a wand of polymorph (19)
 M - a wand of iceblast (13)
 X - a wand of acid (36)
 Z - a wand of clouds (4)
Scrolls
 c - 4 scrolls of teleportation
 j - 2 scrolls of magic mapping
 k - 23 scrolls of identify
 l - 12 scrolls of remove curse
 O - a scroll of enchant weapon
 W - a scroll of blinking
Potions
 g - 4 potions of haste
 i - 9 potions of heal wounds
 o - 5 potions of flight
 q - 4 potions of curing
 v - 3 potions of ambrosia
 I - a potion of cancellation
 N - a potion of invisibility
 P - 2 potions of resistance
 Q - 7 potions of agility
 U - 2 potions of might
Miscellaneous
 t - a box of beasts
 E - a lightning rod (4/4)
 H - a sack of spiders
 V - 3 phantom mirrors
Comestibles
 f - 39 rations


   Skills:
 + Level 15.0(14.8) Fighting
 + Level 20.0(19.8) Axes
 + Level 7.3(7.1) Throwing
 + Level 15.1(14.8) Armour
 * Level 13.8(13.6) Dodging
 + Level 14.0(13.8) Shields
 - Level 10.0(9.8) Invocations
 * Level 15.0(14.8) Evocations


You had 19 spell levels left.
You didn't know any spells.
Your spell library contained the following spells:

 Spells                   Type           Power        Failure   Level  Hunger
 Animate Skeleton         Necr           N/A          90%         1    ##.....
 Magic Dart               Conj           #...         90%         1    ##.....
 Pain                     Necr           #...         90%         1    ##.....
 Sandblast                Erth           #.....       90%         1    ##.....
 Shock                    Conj/Air       #...         90%         1    ##.....
 Passwall                 Tmut/Erth      #.......     97%         2    ###....
 Searing Ray              Conj           #.....       97%         2    ###....
 Swiftness                Chrm/Air       #.......     97%         2    ###....
 Dazzling Spray           Conj/Hex       #.....       99%         3    ####...
 Static Discharge         Conj/Air       #.......     99%         3    ####...
 Stone Arrow              Conj/Erth      #.....       99%         3    ####...
 Vampiric Draining        Necr           #.........   99%         3    ####...
 Airstrike                Air            #.........   100%        4    #####..
 Animate Dead             Necr           N/A          100%        4    #####..
 Force Lance              Conj/Tloc      #.......     100%        4    #####..
 Fulminant Prism          Conj/Hex       #.........   100%        4    #####..
 Iskenderun's Mystic Bla  Conj           #.......     100%        4    #####..
 Leda's Liquefaction      Hex/Erth       #.........   100%        4    #####..
 Petrify                  Tmut/Erth      #.......     100%        4    #####..
 Bolt of Magma            Conj/Fire/Erth #.........   100%        5    ######.
 Irradiate                Conj/Tmut      #.........   100%        5    ######.
 Lee's Rapid Deconstruct  Erth           #.........   100%        5    ######.
 Lightning Bolt           Conj/Air       #.........   100%        5    ######.
 Hydra Form               Tmut           #.........   100%        6    #######
 Iron Shot                Conj/Erth      #.........   100%        6    #######
 Statue Form              Tmut/Erth      #........    100%        6    #######
 Dragon Form              Tmut           #.........   100%        7    #######
 Malign Gateway           Summ/Tloc      #.........   100%        7    #######
 Orb of Destruction       Conj           #.........   100%        7    #######
 Ring of Flames           Chrm/Fire      #.........   100%        7    #######
 Summon Hydra             Summ           #.........   100%        7    #######
 Shatter                  Erth           #.........   100%        9    #######
 Regeneration             Chrm/Necr      Unusable     N/A         3    N/A

Dungeon Overview and Level Annotations

Branches:
Dungeon (15/15)            Temple (1/1) D:6            Lair (6/6) D:9
 Shoals (4/4) Lair:3       Spider (4/4) Lair:3        Slime (0/5) Lair:6
    Orc (2/2) D:11            Elf (0/3) Orc:2        Vaults (0/5) D:13
 Depths (4/5) D:15

Altars:
Ashenzari
Cheibriados
Dithmenos
Elyvilon
Fedhas
Gozag
Hepliaklqana
Kikubaaqudgha
Makhleb
Nemelex Xobeh
Okawaru
Qazlal
Ru
Sif Muna
Trog
Uskayaw
Vehumet
Wu Jian
Xom
Yredelemnul
Zin
The Shining One
Beogh
Jiyva

Shops:
Orc:2 %[*![   Shoals:1 (   Depths:3 [:?:

Portals:
Hell: Depths:1 Depths:2 Depths:3 Depths:4
Abyss: Depths:1 Depths:4
Pandemonium: Depths:3

Annotations:
D:3 1 runed door
D:6 2 transporters, Edmund; HoaS's ghost, novice GrBe
D:7 Duvessa


Innate Abilities, Weirdness & Mutations

You are resistant to damage.
You can heal yourself by infusing magical energy.
You resist negative energy. (rN+)
You passively map a large area around you.
You do not regenerate.
You are agile. (Dex +2)
You possess an exceptional clarity of mind.
Your mind is acute. (Int +2)


Message History

Some walls begin to move on their own!
You hear a shout! x2
The spriggan air mage drinks a potion.
The spriggan air mage suddenly seems more agile.
The shadow dragon breathes negative energy at you.
The bolt of negative energy misses you.
Throwing (i - inventory. (/) - cycle)
e - 33 javelins of penetration (quivered)
Press: ? - help, Shift-Dir - straight line, f - spriggan air mage
Aim: a spriggan air mage, wearing a robe (almost dead, poisoned, deflecting You throw a javelin of penetration.
The javelin of penetration pierces through the shadow dragon!
The shadow dragon is almost dead.
The javelin of penetration pierces through the earth elemental but does no The earth elemental is almost destroyed.
The spriggan air mage deflects the javelin of penetration!
The spriggan air mage waves its arms in wide circles.
The air twists around and strikes you!
* * * LOW HITPOINT WARNING * * *
The juggernaut hits you!!!
You die...

#.≈≈≈≈.∩>≈≈≈≈..##.....#
, ,
#.≈≈≈≈≈.≈≈≈≈≈.........#
** ,
#.≈≈≈≈≈≈≈≈≈≈≈###.###..#
, , #.≈≈≈≈≈≈≈≈≈≈≈# #.#
..# ,
#.#≈≈≈≈≈≈≈≈≈####.###.#
, **
#.##≈≈≈≈≈≈≈..........#
,
#.....<)............##
,
####...)...........###
, * ,*
###########@###...# ***
, * #C####.#.# * , *
#..##..#*.. , *
##D...##**#.. ,**
##...##* * # , #.E..#*
*#### #..E## ,#...#..
##iC### DD....#
#.D.§###iVE#


You could see a juggernaut, a shadow dragon, a frost giant, a spriggan air mage
and 2 earth elementals.

Vanquished Creatures
  A juggernaut (Depths:3)
  Saint Roka (Depths:3)
  A caustic shrike (Depths:4)
  A lich (Depths:1)
  A tentacled monstrosity (Depths:4)
  4 krakens (Shoals:4)
  A sphinx (Depths:1)
  A tengu reaver (Depths:2)
  The ghost of Xuph the Severer, an adept HOFi of Trog (Spider:4)
  3 fire giants
  An emperor scorpion (Spider:4)
  5 frost giants
  2 ghost moths (Spider:4)
  An orc warlord (Orc:1)
  17 very ugly things
  13 stone giants
  6 ettins
  8 merfolk javelineers
  3 great orbs of eyes
  7 ogre magi
  2 fire dragons
  3 yaktaur captains
  4 rakshasas
  5 merfolk impalers
  2 hydras (Lair:6)
  9 ice dragons
  8 merfolk avatars
  4 catoblepae
  3 merfolk aquamancers
  3 spriggan air magi
  Erica (D:9)
  An alligator (shapeshifter) (Depths:3)
  2 alligator snapping turtles
  8 deep troll shamans
  A satyr (Shoals:4)
  6 centaur warriors
  9 death yaks
  27 two-headed ogres
  3 orc high priests (Orc:2)
  6 tengu warriors
  5 spriggan berserkers
  2 deep troll earth magi (Depths:3)
  A titan skeleton (Depths:1)
  4 iron trolls
  8 hell knights (Depths:1)
  13 deep trolls
  16 sea snakes
  An unseen horror (D:14)
  A wizard (Depths:3)
  A sea snake (shapeshifter) (D:15)
  3 glowing orange brains
  4 deep elf magi
  A necromancer (Depths:1)
  5 orc knights (Orc:2)
  16 orb spiders
  3 cyclopes
  Pikel (D:9)
  16 harpies
  A stone giant zombie (Depths:1)
  A wolf spider zombie (D:13)
  22 wolf spiders
  18 ugly things
  9 fauns
  4 orc sorcerers (Orc:2)
  A shadow dragon skeleton (Depths:1)
  22 manticores
  2 water nymphs
  12 merfolk sirens
  5 black mambas
  A centaur zombie (D:13)
  4 torpor snails
  Joseph (D:15)
  An eye of devastation (shapeshifter) (D:15)
  2 spiny frogs (shapeshifter)
  2 gargoyles
  An efreet (D:14)
  5 spectral swamp worms (Depths:4)
  6 spiny frogs
  13 yaktaurs
  2 rime drakes (Lair:6)
  A yaktaur (shapeshifter) (Depths:4)
  2 kobold demonologists
  4 komodo dragons
  12 demonic crawlers
  5 tengu conjurers
  29 jumping spiders
  A meliai (shapeshifter) (D:15)
  A harpy zombie (D:15)
  A jumping spider (shapeshifter) (Depths:3)
  9 trolls
  A troll (shapeshifter) (Depths:1)
  30 merfolk
  2 polar bears
  3 meliai (D:13)
  11 hornets
  3 wind drakes
  35 slime creatures
  17 blink frogs
  9 hippogriffs
  A dream sheep (shapeshifter) (Depths:2)
  A hippogriff (shapeshifter) (Depths:3)
  10 snapping turtles
  An ettin skeleton (Depths:1)
  42 redbacks
  28 tarantellas
  Sigmund (D:6)
  19 water elementals
  3 spriggans (Depths:2)
  2 vampires
  A wraith (D:14)
  2 wyverns
  52 yaks
  3 shadows
  A fire elemental (D:14)
  2 basilisks
  Grum (D:8)
  A steam dragon (D:13)
  2 hungry ghosts
  5 wargs
  7 vampire mosquitoes
  8 water moccasins
  6 porcupines
  A slave (D:9)
  3 ice beasts
  A black bear (D:13)
  An eye of draining (D:14)
  An eye of draining (shapeshifter) (D:13)
  28 orc warriors
  3 necrophages (D:13)
  16 ogres
  5 phantoms
  5 boggarts (Depths:2)
  2 wolves (D:8)
  10 centaurs
  A black bear (shapeshifter) (Depths:1)
  8 crocodiles
  2 big kobolds (D:8)
  12 bullfrogs
  2 wyvern zombies
  3 scorpions
  11 killer bees
  4 howler monkeys
  11 electric eels
  9 crimson imps
  19 jellies
  11 hounds
  A quasit (D:10)
  16 orc priests
  8 centaur skeletons
  A gnoll shaman (D:10)
  2 bullfrog skeletons
  3 iguanas
  Natasha (thrice) (D:3)
  27 orc wizards
  15 worker ants
  7 hell rats (Lair:5)
  A hound zombie (D:9)
  A hound skeleton (D:8)
  A howler monkey zombie (D:5)
  Robin (D:3)
  2 worker ant zombies
  4 gnolls (D:10)
  A howler monkey skeleton (D:3)
  10 adders
  2 river rats
  4 shadow imps
  A white imp (Depths:2)
  An ooze (D:2)
  An adder zombie (D:8)
  A worm (D:2)
  5 leopard geckos
  77 orcs
  6 bats
  2 bat zombies (D:4)
  7 giant cockroaches
  17 goblins
  9 hobgoblins
  10 jackals
  4 quokkas
  A ball python (D:3)
  3 frilled lizards
  13 kobolds
  A leopard gecko zombie (D:6)
  A quokka skeleton (D:4)
  5 rats
  5 rat zombies (D:4)
  3 fungi
  15 plants
  13 tentacles (Shoals:4)
1276 creatures vanquished.

Vanquished Creatures (collateral kills)
  Nikola (Shoals:4)
  Polyphemus (Shoals:4)
  An emperor scorpion (Spider:4)
  2 ghost moths (Spider:4)
  A spark wasp (Spider:4)
  A merfolk javelineer (Shoals:4)
  A merfolk impaler (Shoals:4)
  An alligator snapping turtle (Shoals:4)
  2 merfolk aquamancers (Shoals:4)
  A sea snake (Shoals:4)
  2 manticores (Shoals:4)
  A merfolk (Shoals:1)
  3 hornets (Spider:4)
  A snapping turtle (Shoals:4)
  A tarantella (Spider:4)
20 creatures vanquished.

Vanquished Creatures (others)
  A sea snake (Shoals:4)
  A harpy (Shoals:1)
  An orb spider (Spider:4)
  A tarantella (Spider:4)
  A slave (D:9)
  5 plants
  45 tentacles (Shoals:4)
55 creatures vanquished.

Grand Total: 1351 creatures vanquished

Notes
Turn   | Place    | Note
-------+----------+-------------------------------------------
     0 | D:1      | erker the Deep Dwarf Fighter began the quest for the Orb.
     0 | D:1      | Reached XP level 1. HP: 20/20 MP: 1/1
   346 | D:1      | Reached XP level 2. HP: 25/27 MP: 2/2
   665 | D:2      | Found a blossoming altar of Fedhas.
   736 | D:2      | Found a stormy altar of Qazlal.
   809 | D:2      | Reached XP level 3. HP: 25/33 MP: 3/3
   828 | D:2      | Reached skill level 3 in Axes
  1223 | D:3      | Reached XP level 4. HP: 23/40 MP: 4/4
  1290 | D:3      | Noticed Natasha
  1297 | D:3      | Killed Natasha
  1297 | D:3      | Reached skill level 1 in Dodging
  1333 | D:3      | Reached skill level 4 in Axes
  1337 | D:3      | Reached XP level 5. HP: 21/49 MP: 4/4
  1364 | D:3      | Noticed Natasha
  1371 | D:3      | Killed Natasha
  1481 | D:3      | Found a runed door.
  1524 | D:3      | Noticed Natasha
  1532 | D:3      | Killed Natasha
  1563 | D:3      | Found a snail-covered altar of Cheibriados.
  1744 | D:3      | Noticed Robin
  1750 | D:3      | Killed Robin
  2107 | D:4      | Found a shimmering altar of Xom.
  2165 | D:4      | Found a glowing silver altar of Zin.
  2234 | D:4      | Reached XP level 6. HP: 30/56 MP: 5/5
  2250 | D:4      | Found a basalt altar of Yredelemnul.
  2317 | D:4      | Found a glowing golden altar of the Shining One.
  2457 | D:4      | Found an ancient bone altar of Kikubaaqudgha.
  2573 | D:4      | Reached skill level 5 in Axes
  2586 | D:4      | Got a jewelled shortbow
  2683 | D:5      | Entered Level 5 of the Dungeon
  2754 | D:5      | Noticed an ice beast
  2767 | D:5      | Killed an ice beast
  2908 | D:5      | Reached skill level 6 in Axes
  2908 | D:5      | Reached XP level 7. HP: 30/62 MP: 6/6
  3360 | D:6      | Reached skill level 1 in Throwing
  3379 | D:6      | Found a staircase to the Ecumenical Temple.
  3384 | Temple   | Entered the Ecumenical Temple
  3623 | Temple   | Became a worshipper of Makhleb the Destroyer
  3698 | D:6      | Reached skill level 7 in Axes
  3846 | D:6      | Found a transporter.
  3851 | D:6      | Noticed HoaS's ghost (novice GrBe)
  3906 | D:6      | Reached skill level 5 in Armour
  3950 | D:6      | Noticed Sigmund
  3960 | D:6      | Killed Sigmund
  3960 | D:6      | Reached skill level 5 in Shields
  3960 | D:6      | Reached XP level 8. HP: 30/72 MP: 7/7
  3982 | D:6      | Found a transporter.
  4147 | D:6      | Reached skill level 8 in Axes
  4232 | D:6      | Noticed Edmund
  4517 | D:7      | Noticed Duvessa
  4545 | D:7      | Reached skill level 5 in Fighting
  4545 | D:7      | Reached skill level 9 in Axes
  4545 | D:7      | Gained mutation: You passively map the area around you.
                  | [Deep Dwarf growth]
  4545 | D:7      | Reached XP level 9. HP: 42/81 MP: 8/8
  4558 | D:7      | Reached * piety under Makhleb
  4770 | D:7      | Found an opulent altar of Gozag.
  5087 | D:8      | Noticed Grum
  5095 | D:8      | Reached skill level 10 in Axes
  5111 | D:8      | Killed Grum
  5560 | D:9      | Noticed a komodo dragon
  5567 | D:9      | Reached ** piety under Makhleb
  5580 | D:9      | Killed a komodo dragon
  5611 | D:9      | Found a deep blue altar of Sif Muna.
  5611 | D:9      | Noticed a two-headed ogre
  5619 | D:9      | Killed a two-headed ogre
  5619 | D:9      | Reached skill level 11 in Axes
  5660 | D:9      | Reached XP level 10. HP: 42/91 MP: 9/9
  5776 | D:9      | Noticed Erica
  5911 | D:9      | Found a staircase to the Lair.
  6332 | D:9      | Noticed Pikel
  6344 | D:9      | Killed Pikel
  6524 | D:9      | Killed Erica
  6524 | D:9      | Reached skill level 12 in Axes
  6581 | D:10     | Entered Level 10 of the Dungeon
  6768 | D:10     | Found a viscous altar of Jiyva.
  6792 | D:10     | Found a blossoming altar of Fedhas.
  6813 | D:10     | Found a transporter.
  6843 | D:10     | Found a transporter.
  6845 | D:10     | Noticed a great orb of eyes
  6987 | D:10     | Paralysed by a great orb of eyes for 2 turns
  6995 | D:10     | Killed a great orb of eyes
  6995 | D:10     | Reached XP level 11. HP: 44/100 MP: 10/10
  7011 | D:10     | Got a blackened buckler
  7022 | D:10     | Identified the +3 buckler "Xoupus" {rC++} (You found it on
                  | level 10 of the Dungeon)
  7535 | D:11     | Reached skill level 13 in Axes
  7606 | D:11     | Noticed a two-headed ogre
  7618 | D:11     | Killed a two-headed ogre
  7618 | D:11     | Reached *** piety under Makhleb
  7734 | D:11     | Noticed a green ugly thing
  7742 | D:11     | Killed a green ugly thing
  7897 | D:11     | Found a staircase to the Orcish Mines.
  7991 | D:11     | Noticed a green ugly thing
  8006 | D:11     | Killed a green ugly thing
  8426 | D:12     | Reached skill level 14 in Axes
  8519 | D:12     | Reached **** piety under Makhleb
  8683 | D:12     | Reached XP level 12. HP: 105/110 MP: 11/11
  9005 | D:13     | Noticed a tengu warrior
  9019 | D:14     | Noticed a centaur warrior
  9021 | D:14     | Paralysed by a hornet for 1 turns
  9031 | D:14     | Killed a centaur warrior
  9179 | D:13     | Noticed an ogre mage
  9188 | D:13     | Killed an ogre mage
  9276 | D:13     | Killed a tengu warrior
  9344 | D:13     | Reached skill level 15 in Axes
  9358 | D:13     | Reached skill level 10 in Armour
  9414 | D:13     | Reached ***** piety under Makhleb
  9667 | D:13     | Reached XP level 13. HP: 96/121 MP: 12/12
  9829 | D:13     | Found a gate to the Vaults.
 11072 | Lair:1   | Entered Level 1 of the Lair of Beasts
 11882 | Lair:2   | Reached skill level 16 in Axes
 12005 | Lair:2   | Reached skill level 1 in Evocations
 12093 | Lair:2   | Reached skill level 10 in Shields
 12561 | Lair:3   | Found a hole to the Spider Nest.
 12727 | Lair:3   | Reached skill level 5 in Dodging
 12976 | Lair:3   | Reached skill level 10 in Fighting
 13085 | Lair:3   | Found a staircase to the Shoals.
 13894 | Lair:4   | Found a snail-covered altar of Cheibriados.
 14374 | Lair:5   | Gained mutation: You resist negative energy. (rN+) [Deep
                  | Dwarf growth]
 14374 | Lair:5   | Reached XP level 14. HP: 115/132 MP: 16/16
 14690 | Orc:1    | Entered Level 1 of the Orcish Mines
 14713 | Orc:1    | Reached ****** piety under Makhleb
 14765 | Orc:2    | Entered Level 2 of the Orcish Mines
 14765 | Orc:2    | Found Ybaluil's Antique Armour Emporium.
 14765 | Orc:2    | Found a staircase to the Elven Halls.
 14766 | Orc:2    | Noticed a stone giant
 14938 | Shoals:1 | Entered Level 1 of the Shoals
 14955 | Shoals:1 | Reached skill level 5 in Throwing
 14962 | Shoals:1 | Reached skill level 5 in Evocations
 15096 | Shoals:1 | Found Mamunt's Weapon Boutique.
 15133 | Shoals:1 | Bought a +0 broad axe for 40 gold pieces
 15496 | Shoals:1 | HP: 4/133 [alligator snapping turtle (25)]
 15812 | Shoals:2 | Got a slimy hand crossbow
 15835 | Shoals:2 | Identified the +6 hand crossbow of Strategic Superiority
                  | {elec, +Inv +Fly MR- Int+4} (You found it on level 2 of the
                  | Shoals)
 16335 | Orc:1    | Noticed an orc warlord
 16354 | Orc:1    | Killed an orc warlord
 16431 | Orc:1    | Found a roughly hewn altar of Beogh.
 16680 | Orc:2    | Found a bloodstained altar of Trog.
 16881 | Orc:2    | Found Pukloum's Distillery.
 16889 | Orc:2    | Reached skill level 1 in Invocations
 16942 | Orc:2    | Found Byczoock's Armour Shoppe.
 16994 | Orc:2    | Reached XP level 15. HP: 74/141 MP: 17/17
 17020 | Orc:2    | Reached skill level 17 in Axes
 17069 | Orc:2    | Found Ygym's Food Shoppe.
 17084 | Orc:2    | Found Zuikh's General Store.
 17092 | Orc:2    | Bought a potion of heal wounds for 60 gold pieces
 17218 | Orc:2    | Bought a pair of embroidered boots for 187 gold pieces
 17218 | Orc:2    | Bought a glowing helmet for 187 gold pieces
 17218 | Orc:2    | Bought a brightly glowing scale mail for 225 gold pieces
 17228 | Orc:2    | Identified the +0 scale mail "Douxt" {Str+6 Stlth+} (You
                  | bought it in a shop on level 2 of the Orcish Mines)
 17844 | Lair:6   | Entered Level 6 of the Lair of Beasts
 18111 | Lair:6   | Found a staircase to the Slime Pits.
 18637 | Lair:6   | Got a pair of brightly glowing gloves
 18648 | Lair:6   | Identified the +2 pair of gloves "Xikidd" {Regen+ MP+9
                  | Dex-5 Stlth+} (You found it on level 6 of the Lair of
                  | Beasts)
 19556 | Shoals:2 | Reached skill level 5 in Invocations
 20192 | Spider:1 | Entered Level 1 of the Spider Nest
 21217 | Spider:2 | Reached XP level 16. HP: 144/152 MP: 20/20
 21931 | Spider:3 | Reached skill level 10 in Evocations
 22420 | Spider:4 | Entered Level 4 of the Spider Nest
 22500 | Spider:4 | Found a runed door.
 22501 | Spider:4 | Noticed Xuph's ghost (adept HOFi)
 22541 | Spider:4 | Killed Xuph's ghost
 23064 | Spider:4 | Got a crude bone ring
 23066 | Spider:4 | Identified the ring of Aritygot {*Tele rF+ MR+} (You found
                  | it on level 4 of the Spider Nest)
 23158 | Spider:4 | Reached skill level 10 in Dodging
 23397 | Spider:4 | Reached skill level 18 in Axes
 23543 | Spider:4 | Got a gossamer rune of Zot
 24347 | Shoals:3 | Reached XP level 17. HP: 162/162 MP: 22/22
 24420 | Shoals:4 | Entered Level 4 of the Shoals
 24523 | Shoals:4 | Identified Qeiphup's Arcane Secrets of Wizardry
 24664 | Shoals:4 | Got a dazzling falchion {venom}
 24665 | Shoals:4 | Identified the +8 falchion "Rizedex" {venom, Int+2 SInv}
                  | (You took it off a merfolk on level 4 of the Shoals)
 24680 | Shoals:4 | Identified a scroll of acquirement
 24882 | Shoals:4 | Noticed a kraken
 24894 | Shoals:4 | Killed a kraken
 24910 | Shoals:4 | Noticed a kraken
 24923 | Shoals:4 | Killed a kraken
 24938 | Shoals:4 | Noticed a kraken
 25016 | Shoals:4 | Noticed a kraken
 25036 | Shoals:4 | Killed a kraken
 25062 | Shoals:4 | Killed a kraken
 25289 | Shoals:4 | Got a barnacled rune of Zot
 25373 | Shoals:4 | Noticed Nikola
 25379 | Shoals:4 | Killed Nikola
 25401 | Shoals:4 | Noticed Polyphemus
 26239 | Shoals:4 | Killed Polyphemus
 26477 | Lair:1   | Gained mutation: Your mind is acute. (Int +2) [potion of
                  | mutation]
 26477 | Lair:1   | Gained mutation: You are agile. (Dex +2) [potion of
                  | mutation]
 26477 | Lair:1   | Gained mutation: You possess an exceptional clarity of
                  | mind. [potion of mutation]
 26601 | D:15     | Entered Level 15 of the Dungeon
 26798 | D:15     | Found a staircase to the Depths.
 26841 | D:15     | Noticed Joseph
 26857 | D:15     | Killed Joseph
 27268 | Depths:1 | Entered Level 1 of the Depths
 27354 | Depths:1 | Gained mutation: You passively map a large area around you.
                  | [Deep Dwarf growth]
 27354 | Depths:1 | Reached XP level 18. HP: 171/171 MP: 23/23
 27693 | Depths:1 | Noticed a lich
 27707 | Depths:1 | Killed a lich
 27747 | Depths:1 | Reached skill level 19 in Axes
 27911 | Depths:1 | Found a gateway to Hell.
 28118 | Depths:1 | Reached skill level 10 in Invocations
 28206 | Depths:1 | Found a one-way gate to the infinite horrors of the Abyss.
 28947 | Depths:2 | Reached XP level 19. HP: 167/182 MP: 25/25
 29635 | Depths:3 | Noticed Saint Roka
 29774 | Depths:3 | Found a one-way gate leading to the halls of Pandemonium.
 29833 | Depths:3 | Found Liolunt's Magic Scroll Shoppe.
 30003 | Depths:3 | Found Fysir's Book Emporium.
 30156 | Depths:3 | Noticed a juggernaut
 30175 | Depths:3 | Killed a juggernaut
 30271 | Depths:3 | Got a warped chain mail
 30282 | Depths:3 | Identified the cursed +1 chain mail "Byones" {rElec MR++}
                  | (You found it on level 3 of the Depths)
 30615 | Depths:3 | Found Daiqaul's Book Boutique.
 30642 | Depths:3 | Reached skill level 15 in Armour
 30896 | Depths:3 | Found Zeawacleumm's Armour Boutique.
 30926 | Depths:3 | Killed Saint Roka
 30926 | Depths:3 | Reached XP level 20. HP: 151/193 MP: 27/27
 31089 | Depths:4 | Reached skill level 15 in Fighting
 31100 | Depths:4 | Reached skill level 20 in Axes
 31100 | Depths:4 | Reached skill level 15 in Evocations
 31167 | Depths:4 | Noticed a caustic shrike
 31174 | Depths:4 | Noticed a golden dragon
 31191 | Depths:4 | Killed a caustic shrike
 31195 | Depths:4 | Noticed a juggernaut
 31203 | Depths:4 | Mangled by a juggernaut

Skill      XL: |  1  2  3  4  5  6  7  8  9 10 11 12 13 14 15 16 17 18 19 20 |
---------------+-------------------------------------------------------------+-----
Axes           | 3 4 6 7 9 11 12 14 15 16 17 18 19 20 | 20.0
Fighting       | 3 4 5 6 7 8 9 10 11 12 13 14 15 | 15.0
Dodging        | 1 2 3 4 5 7 9 10 11 12 13 | 13.8
Armour         | 4 5 6 7 9 10 11 12 13 14 15 | 15.1
Shields        | 4 5 6 7 8 9 10 11 12 13 14 | 14.0
Throwing       | 1 2 4 5 6 7 |  7.3
Evocations     | 4 7 9 10 12 13 14 15 | 15.0
Invocations    | 1 6 7 8 10 | 10.0

Action                   |  1- 3 |  4- 6 |  7- 9 | 10-12 | 13-15 | 16-18 | 19-21 || total
-------------------------+-------+-------+-------+-------+-------+-------+-------++-------
Melee: War axe           |   131 |   160 |   244 |   612 |  1101 |   544 |       ||  2792
       Broad axe         |       |       |       |       |   224 |   692 |   431 ||  1347
       Blowgun           |       |       |       |       |    13 |       |       ||    13
       Scimitar          |       |       |       |       |     8 |       |       ||     8
       Demon whip        |       |       |       |       |       |     3 |       ||     3
 Fire: Blowgun           |       |       |       |     6 |       |       |       ||     6
Throw: Javelin           |       |    18 |    14 |    77 |    30 |   151 |    42 ||   332
Invok: Greater Servant o |       |       |       |       |       |     3 |     1 ||     4
       Lesser Servant of |       |       |       |       |       |     1 |       ||     1
       Major Destruction |       |       |       |       |       |     1 |       ||     1
 Abil: Heal Wounds       |       |     4 |     5 |    10 |    12 |     4 |     1 ||    36
Evoke: Wand              |       |       |     4 |     3 |    20 |    33 |     4 ||    64
       Sack of spiders   |       |       |       |       |       |     1 |       ||     1
  Use: Scroll            |       |       |     5 |     5 |    21 |     5 |     6 ||    42
       Potion            |       |       |     1 |     3 |     6 |     8 |     1 ||    19
 Stab: Petrified         |       |       |       |       |     2 |     3 |       ||     5
       Distracted        |       |       |       |       |       |     4 |     1 ||     5
       Petrifying        |       |       |       |       |       |     1 |       ||     1
  Eat: Chunk             |     1 |     6 |    10 |    13 |    35 |    27 |     7 ||    99
       Ration            |       |       |     1 |       |     1 |       |       ||     2
Armor: Scale mail        |    54 |    14 |       |       |       |       |       ||    68
       Chain mail        |       |    53 |    92 |   251 |   286 |       |       ||   682
       Plate armour      |       |       |       |       |   222 |   670 |   215 ||  1107
Dodge: Dodged            |    51 |    49 |    55 |   195 |   436 |   574 |   203 ||  1563
       Deflected         |       |       |       |     7 |    11 |     9 |    22 ||    49
Block: Shield            |    74 |    80 |   105 |    50 |       |       |       ||   309
       Buckler           |       |       |       |   205 |   521 |   565 |   213 ||  1504
